 Dungeon Crawl Stone Soup version 0.17-a0-473-gfd9ac06 (webtiles) character file.

145 Ololoev the Ruffian (level 5, -5/41 HPs)
             Began as a Mummy Chaos Knight on Apr 7, 2015.
             Killed from afar by an orc wizard (12 damage)
             ... with a puff of flame
             ... on level 3 of the Dungeon.
             The game lasted 00:04:08 (2206 turns).

Ololoev the Ruffian (Mummy Chaos Knight)            Turns: 2206, Time: 00:04:09

Health: -5/41      AC:  5    Str: 16    XL:     5   Next: 6%
Magic:  5/5        EV: 11    Int: 11    God:    Xom [..*...]
Gold:   146        SH:  0    Dex: 11    Spells: 0 memorised, 4 levels left

rFire  x . .     SeeInvis .       - Unarmed
rCold  + . .     Clarity  .     b - +2 leather armour
rNeg   + + +     SustAb   .     (no shield)
rPois  ∞         Gourm    .     (no helmet)
rElec  .         Spirit   .     (no cloak)
rCorr  .         Warding  .     (no gloves)
rMut   .         Stasis   .     (no boots)
MR     .....                    (no amulet)
Stlth  +.........               (no ring)
                                (no ring)

@: not resistant to hostile enchantments, very unstealthy
A: no food or potions, fire vulnerability, cold resistance 1, negative energy
resistance 3, torment resistance, unbreathing
a: Renounce Religion


Innate Abilities, Weirdness & Mutations

You do not eat or drink.
Your flesh is vulnerable to fire.
You are immune to poison.
Your flesh is cold resistant.
You are immune to negative energy.
You are immune to unholy pain and torment.
You can survive without breathing.

Inventory:

Armour
 b - a +2 leather armour (worn)
Scrolls
 a - a scroll of remove curse {unknown}
 c - 2 scrolls of fear {unknown}
 d - a scroll of random uselessness {unknown}
 e - 2 scrolls of identify {unknown}


   Skills:
 - Level 3.0 Fighting
 - Level 1.5 Armour
 - Level 0.7 Dodging
 + Level 4.8 Unarmed Combat


You had 4 spell levels left.
You didn't know any spells.


You were on level 3 of the Dungeon.
You worshipped Xom.
You were a toy of Xom.
You were not hungry.

You visited 1 branch of the dungeon, and saw 3 of its levels.

You collected 146 gold pieces.

§..##.########..........†#.....#
§#.##.# ####<.###..†..######
§§###.# #....#...........
§#§#..###########..#.#...#..#####
_.§§.................#...#..##...
§#§###################.#.#.^((..)
§.#....................#.##......
§#####....................#......
.#..............@.#######.#......
.#.####.#########{# ........
.#.####.# #.########..##.#.
........# #######...........##.#.
##.###### #........#######..##.##
#.# #...!....# . #.# #.#
o........# #.# .........# #.#
..o.o....#

Notes
Turn   | Place    | Note
--------------------------------------------------------------
     0 | D:1      | Ololoev, the Mummy Chaos Knight, began the quest for the Orb.
     0 | D:1      | Reached XP level 1. HP: 18/18 MP: 1/1
    41 | D:1      | XOM: smoke on damage
    80 | D:1      | XOM: divination: detect items
   111 | D:1      | XOM: potion effect (agility)
   156 | D:1      | XOM: divination: detect creatures
   202 | D:1      | Reached XP level 2. HP: 18/24 MP: 2/2
  1038 | D:1      | Reached XP level 3. HP: 24/29 MP: 3/3
  1094 | D:2      | Noticed Jessica
  1095 | D:2      | XOM: potion effect (might)
  1101 | D:2      | Killed Jessica
  1101 | D:2      | Reached skill level 4 in Unarmed Combat
  1182 | D:2      | Found a radiant altar of Vehumet.
  1205 | D:2      | Reached XP level 4. HP: 35/35 MP: 4/4
  1210 | D:2      | Noticed Terence
  1221 | D:2      | XOM: harmless Pois miscast
  1228 | D:2      | XOM: butterfly on damage
  1243 | D:2      | XOM: potion effect (brilliance)
  1249 | D:2      | Killed Terence
  1271 | D:2      | XOM: silly message
  1778 | D:3      | Found a shadowy altar of Dithmenos.
  2085 | D:3      | Reached XP level 5. HP: 30/41 MP: 5/5
  2177 | D:3      | XOM: confuse monster(s)
  2206 | D:3      | Killed from afar by an orc wizard

Dungeon Overview and Level Annotations

Branches:
Dungeon (3/15)

Altars:
Dithmenos
Vehumet


Message History

The orc wizard gestures wildly while chanting.
The orc wizard flickers and vanishes!
Deactivating autopickup; reactivate with Ctrl-A.
You miss something. Your punch misses something. Something hits you.
You swing at nothing.
You closely miss something. Something hits you.
You miss something. Something hits you.
You miss something. Something hits you but does no damage.
You swing at nothing.
You feel less confused.
You hear some strange, mumbled words.
Something tries to affect you, but you resist.
You barely miss something. Something hits you but does no damage.
You hit something. Something hits you but does no damage.
You closely miss something. Something hits you but does no damage.
You miss something. Something hits you but does no damage.
You hit something. Something completely misses you.
You miss something.
You hear some strange, mumbled words.
A puff of flame appears from out of thin air!
The puff of flame hits you! The fire burns you terribly!
Xom thinks this is hilarious!
You closely miss something.
You hear some strange, mumbled words.
A magic dart appears from out of thin air!
The magic dart hits you!
You miss something. You barely miss something. You punch something.
Something hits you.
You closely miss something. Something hits you but does no damage.
You barely miss something. Something hits you.
You closely miss something. Something hits you.
You barely miss something. Something hits you but does no damage.
You miss something. Something hits you.
You hit something. Something hits you but does no damage.
You miss something.
You hear some strange, mumbled words.
A puff of flame appears from out of thin air!
The puff of flame hits you! The fire burns you terribly!
Xom roars with laughter!
You die...

There were no monsters in sight!

Vanquished Creatures
  Jessica (D:2)
  Terence (D:2)
  4 adders
  A giant gecko (D:2)
  3 orcs (D:3)
  2 giant cockroaches (D:2)
  9 goblins
  7 hobgoblins
  7 kobolds
  11 bats
  6 giant newts
  9 rats
61 creatures vanquished.

Action                   |  1- 3 |  4- 6 || total
-------------------------+-------+-------++-------
Melee: Unarmed           |   130 |   143 ||   273
  Use: Scroll            |       |     1 ||     1

Vault maps used:
D:1:      dpeg_arrival_water_temple_mockup
D:2:      vehumet_crystals, first_bread, uniq_jessica, uniq_terence
D:3:      grunt_dithmenos_smoke_and_mirrors
